AoeStats
← ForgeableSum

Arabian Desert

510265589Analyzed
1v1 RM · 2d ago on Sep 30, 2026· 18m 51s· 2 players
Game mode
Random Map
Map size
Tiny (2 player)
Population
200
Speed
Normal
Resources
Standard
Victory
Conquest
Starting age
Dark Age
Ending age
Imperial Age
RankedLock teamsTeams togetherTeam positionsShared explorationLock speedFull tech treeHidden civsTurbo modeCheats
Victory
Defeat
🇺🇸 Italians · United States
1441
+22
🇲🇽 Varangians · Mexico
1582
-22
TheAlex
6:25 Loom
8:51 Feudal Age
13:16 Horse Collar
14:19 Fletching
17:10 Padded Archer Armor
ForgeableSum
7:37 Loom
9:45 Feudal Age
16:22 Padded Archer Armor
16:44 Fletching
Connection lost

Rejoining the realm…

Still unreachable

The connection could not be restored.

Session expired

The server has moved on; the page needs a fresh start.